 Dungeon Crawl Stone Soup version 0.31.0-11-ge490571c62 (webtiles) character file.

Game seed: 17325605433166630762

179 qw the Skirmisher (level 5, -1/29 HPs)
             Began as a Deep Elf Hunter on Feb 3, 2024.
             Slain by an ogre
             ... wielding a +0 giant club
              (24 damage)
             ... on level 4 of the Dungeon.
             The game lasted 00:00:07 (1953 turns).

qw the Skirmisher (Deep Elf Hunter)                 Turns: 1953, Time: 00:00:08

Health: -1/29      AC:  7    Str: 16    XL:     5   Next: 33%
Magic:  7/7        EV: 11    Int: 14    God:
Gold:   120        SH:  0    Dex: 18    Spells: 4/4 levels left

rFire   . . .        a - +0 shortbow
rCold   . . .        (shield currently unavailable)
rNeg    . . .        h - +0 ring mail
rPois   +            (no helmet)
rElec   .            d - +0 cloak
rCorr   .            f - +0 pair of gloves
SInv    .            (no boots)
Will    .....        (no amulet)
Stlth   +            j - +6 ring of strength
HPRegen 0.24/turn    n - ring of poison resistance
MPRegen 0.10/turn

%: no passive effects
@: no status effects
A: no striking features
a: no special abilities


You were on level 4 of the Dungeon.
You visited 1 branch of the dungeon, and saw 4 of its levels.

You collected 120 gold pieces.


   Skills:
 - Level 1.5 Fighting
 + Level 8.8 Ranged Weapons
 - Level 2.4 Dodging
 - Level 1.2 Stealth


You had 4 spell levels left.
You didn't know any spells.
Your spell library was empty.

Inventory:

Hand Weapons
 a - a +0 shortbow (weapon)
Armour
 d - a +0 cloak (worn)
 f - a +0 pair of gloves (worn)
 h - a +0 ring mail (worn)
Jewellery
 j - a +6 ring of strength (left hand)
 n - a ring of poison resistance (right hand)
Scrolls
 c - a scroll of identify
 i - 2 scrolls of blinking {unknown}
Potions
 b - a potion of ambrosia {unknown}
 e - 3 potions of heal wounds
 g - 4 potions of curing {unknown}
 k - 2 potions of enlightenment
 l - a potion of magic {unknown}
 o - a potion of cancellation

Dungeon Overview and Level Annotations

Branches:
Dungeon (3/15)

Altars:
Makhleb


Message History

HP restored.
You see here a quokka corpse.
k - 2 potions of enlightenment (gained 1)
A malevolent force fills the Dungeon...
You fall into a shaft and drop 1 floor!
The shaft crumbles and collapses.
Found a scroll of immolation.
Waypoint 3 assigned to D:4.
A goblin comes into view. It is wielding a +0 dagger.
You see here a fuming brown potion.
You shoot an arrow. The arrow hits the goblin.
The goblin shouts!
The goblin is severely wounded.
l - a fuming brown potion A hobgoblin comes into view.
You shoot an arrow. The arrow barely misses the goblin.
The hobgoblin shouts!
You hear a shout!
You shoot an arrow. The arrow barely misses the goblin.
An ogre comes into view. It is wielding a +0 giant club.
You shoot an arrow.
The arrow hits the goblin but does no damage.
The goblin is severely wounded.
The goblin barely misses you.
You shoot an arrow. The arrow closely misses the goblin.
The goblin hits you with a +0 dagger.
You shoot an arrow. The arrow barely misses the goblin.
The goblin hits you with a +0 dagger.
You shoot an arrow. The arrow hits the goblin.
You kill the goblin!
The hobgoblin closely misses you.
You shoot an arrow.
The arrow hits the ogre but does no damage.
The hobgoblin hits you. The ogre closely misses you.
You shoot an arrow. The arrow hits the ogre!
The ogre is moderately wounded.
The hobgoblin hits you but does no damage.
You shoot an arrow. The arrow barely misses the ogre.
The ogre hits you with a +0 giant club!!
Ouch! That really hurt!
You die...

.## ..# #..
#.# #.# #.#
#.# #g# #@#
........O...#
.######.##..#
#.# .# #.# #
... ###


You could see an ogre and a hobgoblin.

Vanquished Creatures
  Natasha (D:2)
  An orc wizard (D:3)
  7 adders
  3 dart slugs
  A ribbon worm (D:3)
  3 orcs (D:3)
  4 ball pythons
  5 bats
  4 endoplasms
  3 giant cockroaches
  9 goblins
  4 jackals (D:2)
  2 quokkas
  2 frilled lizards
  4 kobolds
  6 rats
59 creatures vanquished.

Notes
Turn   | Place    | Note
-------+----------+-------------------------------------------
     0 | D:1      | qw the Deep Elf Hunter began the quest for the Orb.
     0 | D:1      | Reached XP level 1. HP: 12/12 MP: 3/3
     0 | D:1      | 0 ||| qw: Version: 0.3-a-157-g843a77d
     0 | D:1      | 0 ||| qw: Game counter: 3769
     0 | D:1      | 0 ||| qw: Melee chars always use a shield: true
     0 | D:1      | 0 ||| qw: God list: Okawaru
     0 | D:1      | 0 ||| qw: Allow faded altars: false
     0 | D:1      | 0 ||| qw: Do Orc after clearing Dungeon:15 true
     0 | D:1      | 0 ||| qw: Do second Lair branch before Depths: true
     0 | D:1      | 0 ||| qw: Lair rune preference: random
     0 | D:1      | 0 ||| qw: Goals: Normal
     0 | D:1      | 0 ||| PLANNING D:1-11
   158 | D:1      | Reached XP level 2. HP: 16/16 MP: 4/4
   190 | D:1      | Reached skill level 6 in Ranged Weapons
   393 | D:1      | Found a faded altar of an unknown god.
   585 | D:1      | 585 ||| UPGRADING to +0 cloak.
   590 | D:1      | 590 ||| UPGRADING to +0 pair of gloves.
   595 | D:1      | 595 ||| READING scroll labelled DUS WI ULAIC.
   596 | D:1      | 596 ||| READING scroll labelled HAKITU GEHAUT.
   597 | D:1      | 597 ||| DRINKING 4 fuming golden potions.
   598 | D:1      | 598 ||| DROPPING scroll of butterflies.
   685 | D:2      | Reached XP level 3. HP: 7/20 MP: 5/5
   925 | D:2      | Reached skill level 7 in Ranged Weapons
  1088 | D:2      | Reached XP level 4. HP: 25/25 MP: 6/6
  1103 | D:2      | Noticed Natasha
  1109 | D:2      | Killed Natasha
  1313 | D:2      | Reached skill level 8 in Ranged Weapons
  1407 | D:2      | Found a burning altar of Makhleb.
  1436 | D:2      | 1436 ||| UPGRADING to +0 ring mail.
  1446 | D:2      | 1446 ||| DROPPING +0 leather armour.
  1447 | D:2      | 1447 ||| UPGRADING to +6 ring of strength.
  1448 | D:2      | 1448 ||| UPGRADING to ring of poison resistance.
  1449 | D:2      | 1449 ||| READING scroll labelled GAPUMEMEIM.
  1550 | D:2      | 1550 ||| READING 2 scrolls labelled BUSKER BOPIU.
  1550 | D:2      | 1550 ||| IDENTIFYING bubbling pink potion
  1551 | D:2      | 1551 ||| READING scroll of identify.
  1551 | D:2      | 1551 ||| IDENTIFYING fuming red potion
  1552 | D:2      | 1552 ||| READING scroll labelled BIYGGU CIWUSAWN.
  1553 | D:2      | 1553 ||| READING 3 scrolls labelled BUACAS MIGRUZ.
  1554 | D:2      | 1554 ||| READING scroll labelled DIPPIM KADAJOEJ.
  1555 | D:2      | 1555 ||| DROPPING 2 scrolls of revelation.
  1738 | D:3      | Reached XP level 5. HP: 29/29 MP: 7/7
  1769 | D:3      | 1769 ||| FLEEEEING.
  1770 | D:3      | 1770 ||| FLEEEEING.
  1771 | D:3      | 1771 ||| FLEEEEING.
  1940 | D:3      | You fall into a shaft and drop 1 floor!
  1946 | D:4      | Noticed an ogre
  1953 | D:4      | Slain by an ogre

Levels and vault maps discovered:
D:1:      dpeg_arrival_fog, layout_loops_ring,
          hellmonk_ecumenical_altar_pennies_from_heaven
D:2:      minmay_general_purpose_star, layout_loops_ring, basic_altar,
          kennysheep_generic_room_8, uniq_natasha
D:3:      wander_river, layout_loops_ring, minmay_pentomino_pile
D:4:      layout_loops_ring, old_standard_altar, kennysheep_windowed_goal

Skill      XL: |  1  2  3  4 |
---------------+-------------+-----
Ranged Weapons | 6 7 8 |  8.8
Fighting       | |  1.5
Dodging        | |  2.4
Stealth        | |  1.2

Action                     |  1- 3 |  4- 6 || total
---------------------------+-------+-------++-------
   Fire: Shortbow          |    61 |   102 ||   163
    Use: Scroll            |     2 |     6 ||     8
         Potion            |     1 |       ||     1
 Armour: Leather armour    |     6 |     2 ||     8
         Ring mail         |       |    26 ||    26
  Dodge: Dodged            |     9 |    24 ||    33

Table legend:
 A = Non-vault XP
 B = Vault XP
 C = Vault XP percentage of total XP
 D = Non-vault monster count
 E = Vault monster count
 F = Vault count percentage of total count
                 A         B        C        D         E       F
            +---------+---------+-------+---------+---------+-------
      Total |     193 |      64 |  24.9 |      48 |      11 |  18.6
            +---------+---------+-------+---------+---------+-------
        D:1 |      30 |       0 |   0.0 |      15 |       0 |   0.0
        D:2 |      69 |      55 |  44.4 |      20 |       6 |  23.1
        D:3 |      92 |       9 |   8.9 |      12 |       5 |  29.4
        D:4 |       2 |       0 |   0.0 |       1 |       0 |   0.0
            +---------+---------+-------+---------+---------+-------
